 Dungeon Crawl Stone Soup version 0.27-a0-216-g1fbed8a51c (webtiles) character file.

Game seed: 5456266870181531241

12196 sahdkjhfkaj the Severer (level 11, -3/86 HPs)
             Began as a Minotaur Fighter on Feb 1, 2021.
             Was an Initiate of Gozag.
             Slain by a white ugly thing (34 damage)
             ... on level 11 of the Dungeon.
             The game lasted 00:11:58 (11260 turns).

sahdkjhfkaj the Severer (Minotaur Fighter)         Turns: 11260, Time: 00:11:59

Health: -3/86      AC: 15    Str: 25    XL:     11   Next: 59%
Magic:  10/10      EV:  3    Int:  5    God:    Gozag
Gold:   1999       SH: 21    Dex:  9    Spells: 10/10 levels left

rFire    . . .     SeeInvis .   a - +3 broad axe (venom)
rCold    . . .     Faith    .   d - +0 tower shield
rNeg     + . .     Spirit   .   B - +0 plate armour
rPois    .         Reflect  +   (helmet restricted)
rElec    .         Harm     .   D - +0 cloak
rCorr    .         Rampage  .   h - +0 pair of gloves
Will     +....                  s - +0 pair of boots
Stlth    ..........             A - amulet of reflection
HPRegen  0.24/turn              m - ring of positive energy
MPRegen  0.12/turn              l - ring of willpower

@: no status effects
A: retaliatory headbutt, horns 2
a: Renounce Religion, Potion Petition, Call Merchant, Bribe Branch


You were on level 11 of the Dungeon.
You worshipped Gozag.
Gozag was most pleased with you.
You visited 2 branches of the dungeon, and saw 13 of its levels.

You collected 2188 gold pieces.
You spent 94 gold pieces at shops.
You paid 95 gold pieces to Gozag.

Inventory:

Hand Weapons
 a - a +3 broad axe of venom (weapon)
   (You took it off Maggie on level 6 of the Dungeon)
Missiles
 n - 5 throwing nets (quivered) {!f}
Armour
 d - a +0 tower shield (worn)
   (You bought it in a shop on level 8 of the Dungeon)
 h - a +0 pair of gloves (worn)
   (You found it on level 3 of the Dungeon)
 s - a +0 pair of boots (worn)
   (You found it on level 4 of the Dungeon)
 B - a +0 plate armour (worn)
   (You found it on level 6 of the Dungeon)
 D - a +0 cloak (worn)
   (You found it on level 9 of the Dungeon)
 H - the +2 robe of the Thirteen Portals {rF- Str+7 Dex+3, unknown}
   (You found it on level 11 of the Dungeon)

   It affects your strength (+7).
   It affects your dexterity (+3).
   It makes you vulnerable to fire.
Jewellery
 l - a ring of willpower (right hand)
   (You found it on level 4 of the Dungeon)
 m - a ring of positive energy (left hand)
   (You found it on level 3 of the Dungeon)
 o - an uncursed ring of fire
   (You found it on level 3 of the Dungeon)
 A - an amulet of reflection (around neck)
   (You found it on level 6 of the Dungeon)
Wands
 t - a wand of flame (11)
   (You took it off Maggie on level 6 of the Dungeon)
 u - a wand of polymorph (16)
   (You found it on level 4 of the Dungeon)
 v - a wand of digging (8)
   (You found it on level 8 of the Dungeon)
 x - a wand of acid (10)
   (You found it on level 8 of the Dungeon)
 G - a wand of charming (4)
   (You found it on level 10 of the Dungeon)
 I - a wand of mindburst (13)
   (You found it on level 11 of the Dungeon)
Scrolls
 e - 6 scrolls of remove curse {@r2}
 g - 6 scrolls of teleportation {@r4}
 k - 2 scrolls of fear
 y - a scroll of fog {unknown}
 C - a scroll of magic mapping
 E - 2 scrolls of amnesia
Potions
 b - 2 potions of ambrosia {unknown}
 c - a potion of attraction {unknown}
 f - a potion of haste {unknown}
 i - 3 potions of flight
 j - 4 potions of heal wounds {@q2}
 p - a potion of cancellation {unknown}
 q - 4 potions of mutation {unknown}
 r - 2 potions of lignification {unknown}
 w - 6 potions of curing {unknown}
 z - 2 potions of brilliance {unknown}
 F - a potion of berserk rage {unknown}


   Skills:
 - Level 5.1 Fighting
 + Level 19.3 Axes
 - Level 4.4 Armour
 - Level 6.2 Shields


You had 10 spell levels left.
You didn't know any spells.
Your spell library contained the following spells:

 Spells                   Type           Power        Failure   Level
 Animate Skeleton         Necr           0%           100%        1
 Pain                     Necr           0%           100%        1
 Vampiric Draining        Necr           0%           100%        3
 Animate Dead             Necr           0%           100%        4
 Agony                    Necr           0%           100%        5


Dungeon Overview and Level Annotations

Branches:
Dungeon (12/15)            Temple (1/1) D:4            Lair (0/6) D:9
    Orc (0/2) D:9

Altars:
Ashenzari
Cheibriados
Dithmenos
Elyvilon
Fedhas
Gozag
Hepliaklqana
Kikubaaqudgha
Makhleb
Nemelex Xobeh
Okawaru
Qazlal
Ru
Sif Muna
Trog
Uskayaw
Vehumet
Wu Jian
Xom
Yredelemnul
Zin
The Shining One

Shops:
D:4 =   D:8 [![}


Innate Abilities, Weirdness & Mutations

You reflexively headbutt those who attack you in melee.
You have a pair of horns on your head.


Message History

Key pressed, stopping explore.
Partly explored, can't reach some places.
Key pressed, stopping explore.
Partly explored, can't reach some places.
Key pressed, stopping explore.
Partly explored, can't reach some places.
Partly explored, can't reach some places.
No target in view!
(D) Dungeon (T) Temple (L) Lair (O) Orcish Mines
Where to? (Enter - D:11, ? - help)
There is a stone staircase leading down here.
You climb downwards.
A basilisk, 4 yaks and a skeleton come into view.
The basilisk hisses angrily.
The yak bellows! x3; You hear a bellow!
Found a leather armour.
There is a stone staircase leading up here.
A yak comes into view.
A white ugly thing comes into view.
You block the centaur warrior skeleton's attack.
You hit the yak.
The yak is poisoned.
You hit the centaur warrior skeleton.
You block the centaur warrior skeleton's attack.
You block the yak's attack.
A yak comes into view.
You block the centaur warrior skeleton's attack.
You barely miss the yak. You slash the yak!
The yak looks as sick as possible!
You slash the centaur warrior skeleton! You slash the yak!
The centaur warrior skeleton hits you but does no damage.
The yak gores you but does no damage. x2; The yak gores you.
You barely miss the yak. You headbutt the yak, but do no damage.
You slash the yak! x2; The yak looks as sick as possible!
You hit the centaur warrior skeleton.
You block the centaur warrior skeleton's attack.
The yak gores you but does no damage. x2; You block the yak's attack.
Unknown command.
The white ugly thing tentacle-slaps you.
The white ugly thing freezes you!! You block the yak's attack.
The yak gores you! x2
* * * LOW HITPOINT WARNING * * *
You climb upwards.
There is a stone staircase leading down here.
You slash the white ugly thing!
The white ugly thing looks as sick as possible!
You hit the yak.
The yak looks as sick as possible!
You closely miss the basilisk. You hit the yak but do no damage.
The yak looks as sick as possible!
You slash the yak!
The yak looks as sick as possible!
The white ugly thing tentacle-slaps you!
* * * LOW HITPOINT WARNING * * *
The white ugly thing freezes you!!
You die...
Your body crumbles into a pile of gold.

############ #########
#..<....lY.# #.......#
########........@u####.......#
.....#.'.......Y.Y##.'.......#
.###.#.#..........#..#.......#
.#.#.#.P...PPPPPPPP.##.......####
.#.#.#.P.....P.....P##.......'..#
.#...#.P.....PPP.PPP##.......##.#
.###...P.........P.P##.....>.##..
...#.##PP.PP.P.PP..P.........####
.#.#.##P.....P.....P.#####'### #


You could see a white ugly thing (extremely poisoned), 3 yaks and a basilisk.

Vanquished Creatures
  Harold (D:6)
  Erolcha (D:10)
  A boulder beetle (D:11)
  A centaur warrior (D:9)
  A two-headed ogre (D:10)
  An ugly thing (D:11)
  A manticore (D:11)
  A centaur zombie (D:11)
  Maggie (D:6)
  A meliai zombie (D:10)
  7 yaks
  A wyvern (D:11)
  A steam dragon (D:10)
  A soldier ant (D:11)
  7 orc warriors
  4 sky beasts
  2 black bears
  2 phantoms
  2 ice beasts
  7 ogres
  An eye of draining (D:9)
  3 necrophages
  8 centaurs
  A big kobold (D:8)
  Blork the orc (D:4)
  7 bullfrogs
  A water moccasin skeleton (D:4)
  5 scorpions
  6 killer bees (D:10)
  5 wights (D:7)
  2 howler monkeys (D:8)
  3 bullfrog zombies
  4 hounds
  2 bullfrog skeletons
  4 jellies
  9 orc priests
  2 centaur skeletons
  8 orc wizards
  4 iguanas
  7 worker ants
  A hound skeleton (D:11)
  A howler monkey zombie (D:11)
  2 worker ant zombies (D:6)
  3 gnolls (D:8)
  10 adders
  4 shadow imps
  4 white imps
  2 ufetubi
  3 oozes
  An adder skeleton (D:4)
  3 worms
  2 dart slugs
  7 leopard geckos
  33 orcs
  A ball python (D:3)
  4 bats
  18 giant cockroaches
  16 goblins
  10 hobgoblins
  8 jackals
  6 quokkas
  5 frilled lizards
  A jackal skeleton (D:5)
  17 kobolds
  2 quokka skeletons
  15 rats
306 creatures vanquished.

Vanquished Creatures (others)
  An orc priest (D:11)
  An orc (D:11)
  24 bushes (D:11)
  3 fungi (D:9)
  A plant (D:9)
30 creatures vanquished.

Grand Total: 336 creatures vanquished

Notes
Turn   | Place    | Note
-------+----------+-------------------------------------------
     0 | D:1      | sahdkjhfkaj the Minotaur Fighter began the quest for the
                  | Orb.
     0 | D:1      | Reached XP level 1. HP: 19/19 MP: 0/0
    58 | D:1      | Reached skill level 3 in Axes
    66 | D:1      | Reached XP level 2. HP: 25/26 MP: 1/1
   363 | D:1      | Reached XP level 3. HP: 27/33 MP: 2/2
   624 | D:2      | Reached skill level 4 in Axes
   892 | D:2      | Noticed a scorpion
   902 | D:2      | Killed a scorpion
   903 | D:2      | Reached XP level 4. HP: 34/41 MP: 3/3
  1365 | D:3      | Reached XP level 5. HP: 15/47 MP: 4/4
  1368 | D:3      | Reached skill level 5 in Fighting
  1656 | D:3      | Reached skill level 5 in Axes
  2245 | D:3      | Reached skill level 6 in Axes
  2250 | D:3      | Reached XP level 6. HP: 49/56 MP: 5/5
  2899 | D:4      | Reached skill level 7 in Axes
  2923 | D:4      | Got a spiked leather armour
  2976 | D:4      | Found Waprucin's Jewellery Boutique.
  3125 | D:4      | Found a glowing drain.
  3175 | D:4      | You fall into a shaft and drop 2 floors!
  3181 | D:5      | Entered Level 5 of the Dungeon
  3529 | D:4      | Noticed Blork the orc
  3532 | D:4      | Found a staircase to the Ecumenical Temple.
  3536 | D:4      | Killed Blork the orc
  3537 | D:4      | Reached skill level 8 in Axes
  3537 | D:4      | Reached XP level 7. HP: 41/61 MP: 6/6
  3544 | Temple   | Entered the Ecumenical Temple
  3936 | Temple   | Became a worshipper of Gozag Ym Sagoz the Greedy
  4040 | D:4      | Found a broken altar of Ashenzari.
  4339 | D:5      | Reached skill level 9 in Axes
  4897 | D:5      | Reached skill level 10 in Axes
  4977 | D:6      | Noticed Maggie
  4990 | D:6      | Killed Maggie
  4991 | D:6      | Reached XP level 8. HP: 58/68 MP: 7/7
  5137 | D:6      | Reached skill level 11 in Axes
  5629 | D:6      | Reached skill level 12 in Axes
  5984 | D:6      | Reached XP level 9. HP: 74/74 MP: 8/8
  6260 | D:7      | Noticed Harold
  6283 | D:6      | Killed Harold
  6284 | D:6      | Reached skill level 13 in Axes
  6392 | D:7      | Reached skill level 14 in Axes
  7100 | D:8      | Reached skill level 15 in Axes
  7102 | D:8      | Reached XP level 10. HP: 81/81 MP: 9/9
  7594 | D:8      | Found Qaerhil's Distillery.
  7598 | D:8      | Found Hierow's Antique Armour Emporium.
  7598 | D:8      | Found Zimmep's Armour Emporium.
  7599 | D:8      | Found Fobehis's Gadget Emporium.
  7601 | D:8      | Bought a tower shield for 94 gold pieces
  7698 | D:8      | Got a fine quarterstaff
  8430 | D:9      | Found a staircase to the Orcish Mines.
  8447 | D:9      | Reached skill level 16 in Axes
  8468 | D:9      | Noticed a centaur warrior
  8488 | D:9      | Killed a centaur warrior
  8496 | D:9      | Reached skill level 17 in Axes
  9037 | D:9      | Found a staircase to the Lair.
  9079 | D:10     | Entered Level 10 of the Dungeon
  9489 | D:10     | Noticed a two-headed ogre
  9499 | D:10     | Killed a two-headed ogre
  9500 | D:10     | Reached XP level 11. HP: 54/86 MP: 10/10
  9653 | D:10     | Noticed Erolcha
  9663 | D:10     | Killed Erolcha
  9664 | D:10     | Reached skill level 18 in Axes
 10067 | D:11     | Noticed a red ugly thing
 10074 | D:11     | Killed a red ugly thing
 10342 | D:11     | Noticed a boulder beetle
 10355 | D:11     | Killed a boulder beetle
 10639 | D:11     | Reached skill level 19 in Axes
 10744 | D:11     | Got a ripped robe
 11024 | D:11     | Found a radiant altar of Vehumet.
 11253 | D:12     | Noticed a white ugly thing
 11260 | D:11     | Slain by a white ugly thing

Illustrated notes

Levels and vault maps discovered:
D:1:      psy_arrival_terrarium, layout_rooms, minmay_pentomino_x2
D:2:      layout_basic, kennysheep_generic_room_14
D:3:      kennysheep_the_goblin_king, layout_basic
D:4:      layout_rooms, lemuel_round_altar, lemuel_temple_firewalk_a,
          gup_sewer_entry_pipe, serial_shops, nicolae_shop_crystal,
          grunt_tough_drop, uniq_blork_the_orc
D:5:      layout_basic
D:6:      layout_basic, kennysheep_generic_room_10, uniq_maggie
D:7:      layout_loops_ring, chequers_mini_garden, uniq_harold
D:8:      layout_rooms, minmay_shop_grid_forest
D:9:      layout_basic, grunt_lair_entry_orc_guard_hut, orc_0_dummy,
          st_stairs_12, grunt_potential
D:10:     layout_rooms, st_stairs_13, uniq_erolcha
D:11:     layout_roguey, minmay_hedge_maze, lemuel_centaur_altar
D:12:     layout_rooms, basic_altar, serial_bayou_pond_c,
          kennysheep_opposing_triangles, uniq_rupert
Temple:   nicolae_temple_the_god_donut

Skill      XL: |  1  2  3  4  5  6  7  8  9 10 11 |
---------------+----------------------------------+-----
Axes           | 3 4 6 8 10 12 15 17 19 | 19.3
Fighting       | 4 5 |  5.1
Armour         | 4 |  4.4
Shields        | 6 |  6.2

Action                   |  1- 3 |  4- 6 |  7- 9 | 10-12 || total
-------------------------+-------+-------+-------+-------++-------
Melee: War axe           |    87 |   200 |    46 |       ||   333
       Headbutt          |    10 |    30 |    39 |    51 ||   130
       Broad axe         |       |       |   161 |   245 ||   406
  Use: Scroll            |     3 |     2 |     2 |     6 ||    13
       Potion            |       |     1 |     1 |       ||     2
 Stab: Distracted        |       |       |     2 |     4 ||     6
Armor: Scale mail        |    36 |   103 |    12 |       ||   151
       Swamp dragon scal |       |       |    32 |       ||    32
       Plate armour      |       |       |    21 |   105 ||   126
Dodge: Dodged            |    31 |    47 |    48 |    27 ||   153
Block: Kite shield       |    32 |    91 |   129 |    43 ||   295
       Reflection        |       |       |     1 |    22 ||    23
       Tower shield      |       |       |       |   243 ||   243

Table legend: (Time is in decaauts)
 A = Elapsed time spent in this place.
 B = Non-inter-level travel time spent in this place.
 C = Inter-level travel time spent in this place.
 D = Time resting spent in this place.
 E = Time spent auto-exploring this place.
 F = Levels seen in this place.
 G = Mean time per level.
                   A        B        C        D        E       F      G
               +--------+--------+--------+--------+--------+-----+--------+
         Total |  11506 |  11183 |    323 |    571 |   8578 |  13 |  885.1 |
       Dungeon |  11094 |  10815 |    279 |    571 |   8214 |  12 |  924.5 |
        Temple |    411 |    367 |     44 |      0 |    364 |   1 |  411.0 |
               +--------+--------+--------+--------+--------+-----+--------+

Top non-repeatable levels by time:
     D:6: 1397 daAuts
    D:11: 1359 daAuts
     D:3: 1298 daAuts
     D:9: 1248 daAuts
     D:4: 1176 daAuts
     D:7: 964 daAuts
    D:10: 846 daAuts
     D:5: 831 daAuts
     D:2: 794 daAuts
     D:1: 610 daAuts
     D:8: 559 daAuts
  Temple: 411 daAuts
    D:12: 7 daAuts
